 Dungeon Crawl Stone Soup version 0.18-a0-1773-gec4f98e (webtiles) character file.

43 M4edhros the Grave Robber (level 3, -3/21 HPs)
             Began as an Octopode Necromancer on Apr 14, 2016.
             Slain by an orc
             ... wielding a +0 club
              (4 damage)
             ... on level 4 of the Dungeon.
             The game lasted 00:06:01 (993 turns).

M4edhros the Grave Robber (Octopode Necromancer)     Turns: 993, Time: 00:06:02

Health: -3/21      AC:  1    Str:  7    XL:     3   Next: 58%
Magic:  5/6        EV: 18    Int: 17    God:
Gold:   83         SH:  0    Dex: 18    Spells: 2 memorised, 2 levels left

rFire  . . .     SeeInvis .       - Unarmed
rCold  . . .     Gourm    .     (no shield)
rNeg   . . .     Faith    .     (helmet restricted)
rPois  .         Spirit   .     (no amulet)
rElec  .         Dismiss  .     (no ring)
rCorr  .         Reflect  .     (no ring)
SustAt .         Harm     .     (no ring)
MR     .....                    (no ring)
Stlth  +++++.....               (no ring)
                                (no ring)
                                (no ring)
                                (no ring)

@: agile, not resistant to hostile enchantments, quite stealthy
A: almost no armour, amphibious, 8 rings, constrict 8, camouflage 1, gelatinous
body 1
a: no special abilities


You were on level 4 of the Dungeon.
You were not hungry.

You visited 1 branch of the dungeon, and saw 4 of its levels.

You collected 83 gold pieces.

Inventory:

Hand Weapons
 m - a +0 spear
Missiles
 c - 12 poisoned needles
 j - 4 stones (quivered)
 l - 13 sling bullets
Scrolls
 e - 2 scrolls of remove curse
 f - a scroll of noise {unknown}
 n - a scroll of enchant armour {unknown}
 o - a scroll of identify
 p - a scroll of blinking {unknown}
Potions
 d - a potion of haste
 g - a potion of magic
 h - a potion of brilliance {unknown}
Books
 a - a book of Necromancy

   Spells                             Type                      Level
   a - Pain                           Necromancy                   1
   b - Animate Skeleton               Necromancy                   1
   c - Vampiric Draining              Necromancy                   3
   d - Regeneration                   Charms/Necromancy            3
   e - Animate Dead                   Necromancy                   4
   f - Control Undead                 Necromancy                   4
Comestibles
 b - 2 bread rations
 k - a meat ration
 q - 2 beef jerkies
 r - a chunk of flesh


   Skills:
 - Level 2.0 Dodging
 - Level 2.6 Stealth
 + Level 2.8 Unarmed Combat
 - Level 2.0 Spellcasting
 + Level 0.8 Charms
 - Level 4.0 Necromancy


You had 2 spell levels left.
You knew the following spells:

 Your Spells              Type           Power        Failure   Level  Hunger
a - Pain                  Necr           ###.         3%          1    #......
b - Regeneration          Chrm/Necr      #.........   24%         3    ###....


Dungeon Overview and Level Annotations

Branches:
Dungeon (4/15)
 Temple: D:4-7

Altars:
Nemelex Xobeh
Vehumet


Innate Abilities, Weirdness & Mutations

You cannot wear most types of armour.
You are amphibious.
You can wear up to eight rings at the same time.
You can use your tentacles to constrict eight enemies at once.
Your skin changes colour to match your surroundings (Stealth).
Your rubbery body absorbs attacks (AC +1).


Message History

You tentacle-slap the orc wizard. You grab the orc wizard.
The orc wizard is moderately wounded.
You constrict the orc wizard, but do no damage.
The orc hits you with a club.
The orc wizard points at you and mumbles some strange words.
The magic dart hits you!
Drink which item? (? for menu, Esc to quit)
You feel agile all of a sudden.
You constrict the orc wizard. The orc hits you with a club.
* * * LOW HITPOINT WARNING * * *
The orc wizard hits you with a dagger.
* * * LOW HITPOINT WARNING * * *
Drink which item? (? for menu, Esc to quit)
Okay, then.
You aren't carrying any items that you can evoke without wielding.
You tentacle-slap the orc wizard.
The orc wizard is heavily wounded.
You constrict the orc wizard, but do no damage.
The orc hits you with a club.
You die...

.# ..#
########+###...
#....#.........
#...[#.........
#.<.oo.........
#...@#.........
#+####......###
.............#
.............#
........%.......
#...........#.#.
#.......<.$.._..
#..........o#.#.
#..........ooo..


You could see an orc wizard and an orc.

Vanquished Creatures
  An adder (D:3)
  2 dart slugs
  2 giant geckos
  2 giant cockroaches
  4 goblins
  6 hobgoblins
  4 kobolds
  A ball python (D:2)
  A bat (D:2)
  A giant newt (D:2)
  A rat (D:2)
25 creatures vanquished.

Notes
Turn   | Place    | Note
--------------------------------------------------------------
     0 | D:1      | M4edhros the Octopode Necromancer began the quest for the Orb.
     0 | D:1      | Reached XP level 1. HP: 11/11 MP: 3/3
   142 | D:1      | Reached skill level 1 in Unarmed Combat
   170 | D:1      | Reached XP level 2. HP: 6/17 MP: 0/5
   504 | D:2      | Found a sparkling altar of Nemelex Xobeh.
   541 | D:2      | Reached XP level 3. HP: 2/21 MP: 1/6
   723 | D:3      | Learned a level 3 spell: Regeneration
   974 | D:4      | Found a radiant altar of Vehumet.
   992 | D:4      | HP: 1/21 [orc wizard/dagger (2)]
   993 | D:4      | Slain by an orc

Vault maps used:
D:1:      tarquinn_simple_flora_water_a, serial_forest,
          infiniplex_forest_lined_ring, infiniplex_forest_lined_1,
          infiniplex_forest_straight_4, infiniplex_forest_lined_ring,
          infiniplex_forest_lined_1, infiniplex_forest_lined_2,
          infiniplex_forest_straight_5
D:2:      nemelex_altar_shiori, lemuel_coloured_pillars_altar,
          kennysheep_generic_room_12
D:3:      zin_angel, lemuel_doored_altar, first_bread,
          cheibriados_altar_wand_db, uniq_jessica, uniq_natasha, uniq_iyjb
D:4:      lemuel_round_altar, lemuel_crystal_altar, overflow_temple_1_default,
          guppyfry_shop_venom, uniq_menkaure

Skill      XL: |  1  2 |
---------------+-------+-----
Unarmed Combat | 1 2 |  2.8
Dodging        | |  2.0
Stealth        | |  2.6
Spellcasting   | |  2.0
Charms         | |  0.8
Necromancy     | |  4.0

Action                   || total
-------------------------++-------
Melee: Unarmed           ||    14
       Constrict         ||     7
       Tentacles         ||     2
       Spear             ||     5
 Cast: Pain              ||    37
       Regeneration      ||     3
  Use: Scroll            ||     5
       Potion            ||     3
  Eat: Chunk             ||     2
Dodge: Dodged            ||     7
